AoeStats
← icetaylor

Arena

508157911Analyzed
2v2 RM · 10d ago on Sep 21, 2026· 19m 44s· 4 players
Game mode
Random Map
Map size
Medium (4 player)
Population
200
Speed
Normal
Resources
Standard
Victory
Conquest
Starting age
Dark Age
Ending age
Imperial Age
RankedLock teamsTeams togetherTeam positionsShared explorationLock speedFull tech treeHidden civsTurbo modeCheats
Victory
Defeat
🇨🇦 Khmer · Canada
1091
+19
🇺🇸 Cumans · United States
1091
+19
🇦🇷 Slavs · Argentina
1159
-19
🇦🇷 Ethiopians · Argentina
1157
-19
Grischuk
10:55 Feudal Age
16:24 Castle Age
14:45 Double-Bit Axe
14:42 Horse Collar
14:53 Gold Mining
14:54 Stone Mining
19:19 Loom
SamsungA10
11:13 Feudal Age
15:58 Castle Age
14:18 Double-Bit Axe
14:18 Horse Collar
16:28 Gold Mining
17:00 Loom
18:27 Wheelbarrow
Mkid
7:16 Loom
9:46 Feudal Age
11:35 Double-Bit Axe
12:11 Horse Collar
icetaylor
8:46 Loom
10:31 Feudal Age
13:39 Castle Age
11:41 Double-Bit Axe
12:04 Horse Collar
16:59 Scale Barding Armor
Connection lost

Rejoining the realm…

Still unreachable

The connection could not be restored.

Session expired

The server has moved on; the page needs a fresh start.